 Dungeon Crawl Stone Soup version 0.27-a0-1065-ge809cff456 (webtiles) character file.

Game seed: 17735768830651453230

9076 oldmanjim the Grappler (level 11, -9/101 HPs)
             Began as a Troll Monk on Apr 22, 2021.
             Was the Champion of Okawaru.
             Mangled by Snorg (18 damage)
             ... on level 11 of the Dungeon.
             The game lasted 01:04:41 (10394 turns).

oldmanjim the Grappler (Troll Monk)                Turns: 10394, Time: 01:04:41

Health: -9/101     AC:  8    Str: 23    XL:     11   Next: 18%
Magic:  11/13      EV: 13    Int:  9    God:    Okawaru [******]
Gold:   662        SH: 13    Dex: 11    Spells: 10/10 levels left

rFire    + + +     SeeInvis +     - Unarmed
rCold    . . .     Faith    .   F - +0 kite shield
rNeg     + . .     Spirit   .   z - +2 robe "Aroeph" {rF++ Str+2 Dex-4 Slay+2}
rPois    .         Reflect  .   c - +2 hat {SInv}
rElec    .         Harm     .   (no cloak)
rCorr    .         Rampage  .   (gloves unavailable)
Will     .....                  (boots unavailable)
Stlth    +++.......             u - amulet of regeneration
HPRegen  2.26/turn              v - ring of wizardry
MPRegen  0.13/turn              w - ring "Ruustox" {Wiz rF+ rN+ Int+3}

@: heroic
A: large, unfitting armour, claws 3, regeneration 1, shaggy fur 1, tough skin 1
a: Renounce Religion, Heroism, Finesse


You were on level 11 of the Dungeon.
You worshipped Okawaru.
Okawaru was exalted by your worship.
You visited 1 branch of the dungeon, and saw 11 of its levels.
You also visited: Ossuary.

You collected 662 gold pieces.

Inventory:

Hand Weapons
 a - the +6 quarterstaff "Hydra's Demise" {vorpal, rC+ Dex+2}
   (You found it on level 6 of the Dungeon)

   It inflicts extra damage upon your enemies.
   It affects your dexterity (+2).
   It protects you from cold.
Missiles
 e - 7 large rocks
 h - 87 poisoned darts
 q - 7 curare-tipped darts
 D - 12 javelins
 E - 6 silver javelins
 I - a throwing net
 O - 3 boomerangs
Armour
 c - a +2 hat of see invisible (worn)
 z - the +2 robe "Aroeph" (worn) {rF++ Str+2 Dex-4 Slay+2}
   (Okawaru gifted it to you on level 10 of the Dungeon)

   It affects your strength (+2).
   It affects your dexterity (-4).
   It affects your accuracy and damage with ranged weapons and melee attacks
   (+2).
   It greatly protects you from fire.
 C - a +2 robe of willpower
 F - a +0 kite shield (worn)
Magical Staves
 t - a staff of air
 H - a staff of fire
Jewellery
 m - an amulet of guardian spirit
 u - an amulet of regeneration (around neck)
 v - a ring of wizardry (left claw)
 w - the ring "Ruustox" (right claw) {Wiz rF+ rN+ Int+3}
   (You found it on level 5 of the Dungeon)

   [ring of wizardry]

   It improves your spell success rate.
   It affects your intelligence (+3).
   It protects you from fire.
   It protects you from negative energy.
Wands
 f - a wand of mindburst (7) (quivered)
 n - a wand of acid (19)
 s - a wand of digging (8)
 B - a wand of iceblast (22)
 P - a wand of charming (10)
 R - a wand of polymorph (9)
Scrolls
 d - 2 scrolls of teleportation
 k - a scroll of enchant weapon
 r - a scroll of vulnerability
 x - a scroll of fear
 y - a scroll of immolation {unknown}
 J - a scroll of magic mapping {unknown}
 M - a scroll of amnesia {unknown}
 Q - a scroll of blinking
Potions
 b - 5 potions of flight
 g - a potion of haste {unknown}
 i - 2 potions of cancellation {unknown}
 j - a potion of berserk rage {unknown}
 l - 6 potions of curing
 o - 4 potions of heal wounds
 p - 4 potions of lignification
 A - a potion of might {unknown}
 G - 2 potions of brilliance {unknown}
 K - 2 potions of invisibility {unknown}
 N - a potion of degeneration {unknown}
Miscellaneous
 L - a lightning rod (4/4)


   Skills:
 + Level 4.3(9.3) Fighting
 - Level 3.0(8.0) Throwing
 - Level 5.0(10.0) Dodging
 - Level 1.0(6.0) Stealth
 * Level 8.8(13.8) Shields
 - Level 10.0(15.0) Unarmed Combat
 - Level 5.0 Invocations
 - Level 3.0 Evocations


You had 10 spell levels left.
You didn't know any spells.
Your spell library contained the following spells:

 Spells                   Type           Power      Damage    Failure   Level
 Foxfire                  Conj/Fire      0%         2x1d4     11%         1
 Magic Dart               Conj           0%         1d3       11%         1
 Shock                    Conj/Air       0%         1d3       11%         1
 Blink                    Tloc           N/A        N/A       16%         2
 Call Imp                 Summ           0%         N/A       16%         2
 Slow                     Hex            0%         N/A       16%         2
 Static Discharge         Conj/Air       0%         N/A       16%         2
 Conjure Flame            Conj/Fire      0%         6-21      30%         3
 Inner Flame              Hex/Fire       0%         N/A       30%         3
 Mephitic Cloud           Conj/Pois/Air  0%         N/A       30%         3
 Swiftness                Air            0%         N/A       30%         3
 Airstrike                Air            0%         N/A       67%         4
 Sticky Flame             Conj/Fire      0%         2d3       67%         4
 Bolt of Magma            Conj/Fire/Erth 0%         4d4       93%         5
 Fireball                 Conj/Fire      0%         3d3       93%         5
 Iskenderun's Battlesphe  Conj           0%         2d6       93%         5
 Lightning Bolt           Conj/Air       0%         1d11      93%         5
 Iron Shot                Conj/Erth      0%         9d1       100%        6
 Orb of Destruction       Conj           0%         N/A       100%        7
 Spellforged Servitor     Conj/Summ      0%         N/A       100%        7


Dungeon Overview and Level Annotations

Branches:
Dungeon (11/15)            Temple (0/1) D:6         Ossuary (visited)
   Lair: D:8-11         Orc: D:9-12

Altars:
Cheibriados
Dithmenos
Nemelex Xobeh
Okawaru
Qazlal
Vehumet
Xom
Yredelemnul
Zin
The Shining One
Beogh

Annotations:
D:6 1 runed translucent door, exclusion: door, spiderkeys's ghost, novice DsAK
D:8 3 runed translucent doors, exclusion: 3 doors, scottley's ghost, novice HuBe
D:11 Snorg


Innate Abilities, Weirdness & Mutations

You are too large for most types of armour.
You have claws for hands.
Your natural rate of healing is unusually fast.
You are covered in fur. (AC +1)
You have tough skin. (AC +1)


Message History

Snorg bites you. Snorg claws you but does no damage. Snorg claws you!
You mangle Snorg!!
Snorg is heavily wounded.
Snorg goes berserk!
You barely miss Snorg.
Snorg is heavily wounded.
You block Snorg's attack. Snorg claws you! x2
You claw Snorg!
Snorg is heavily wounded.
You block Snorg's attack. Snorg misses you. You block Snorg's attack.
You closely miss Snorg.
Snorg is heavily wounded.
Snorg bites you!! Snorg barely misses you. Snorg claws you. Snorg bites you!
Snorg barely misses you. Snorg claws you but does no damage.
You are too injured to fight recklessly!
You are too injured to fight recklessly!
You gain the combat prowess of a mighty hero.
Snorg closely misses you. Snorg barely misses you. Snorg closely misses you.
You mangle Snorg!!
Snorg is severely wounded.
You block Snorg's attack. Snorg claws you! Snorg claws you.
You scratch Snorg.
Snorg is severely wounded.
You block Snorg's attack. x3
You closely miss Snorg.
Snorg is severely wounded.
Snorg bites you!
* * * LOW HITPOINT WARNING * * *
Snorg barely misses you. Snorg claws you.
* * * LOW HITPOINT WARNING * * *
You scratch Snorg.
Snorg is severely wounded.
Snorg barely misses you. x2; You block Snorg's attack. x2
Snorg closely misses you. x2
You claw Snorg!
Snorg is severely wounded.
Snorg bites you!
* * * LOW HITPOINT WARNING * * *
Snorg closely misses you. Snorg claws you!!
You die...

............#
...........#
≈≈........#+
#≈..........
#≈........<.
#≈..[.......
#≈..........
####≈..T.......
≈≈≈≈≈..@.....##
.............#
.....#.......#
.....+.......#
...# #.......#
... .....!..#
.. ........#
.........#


You could see Snorg (berserk).

Vanquished Creatures
  A two-headed ogre (D:10)
  Pikel (D:6)
  Joseph (D:7)
  A troll (D:10)
  2 hornets
  Prince Ribbit (D:7)
  A wraith (D:9)
  A wyvern (D:10)
  6 yaks (D:9)
  2 steam dragons (D:8)
  Duvessa (D:5)
  A water moccasin (D:8)
  5 orc warriors (D:8)
  2 sky beasts
  3 ice beasts
  2 black bears (D:6)
  2 necrophages
  5 centaurs
  2 ogres
  A phantom (D:3)
  3 lemures (D:7)
  A kobold brigand (D:8)
  2 elf zombies (Ossuary)
  2 gnoll sergeants
  2 bullfrogs (D:8)
  A scorpion (D:5)
  Dowan (D:5)
  2 water moccasin skeletons
  12 killer bees (D:8)
  21 wights
  A howler monkey (D:6)
  A bullfrog zombie (D:6)
  4 centaur zombies
  A jelly (D:5)
  A centaur skeleton (D:6)
  4 hounds
  5 orc priests
  A gnoll shaman (D:3)
  2 human zombies (Ossuary)
  Terence (D:2)
  A bullfrog skeleton (D:5)
  6 iguanas
  4 orc wizards
  A killer bee zombie (D:7)
  2 mummies (Ossuary)
  A howler monkey zombie (D:7)
  17 gnolls
  10 adders
  2 white imps (D:7)
  An adder zombie (Ossuary)
  An adder skeleton (D:4)
  A dart slug (D:1)
  32 orcs
  8 endoplasms
  3 giant cockroaches (D:1)
  7 hobgoblins
  14 jackals
  3 quokkas
  5 ball pythons
  3 bats
  5 frilled lizards
  4 goblins
  A goblin zombie (Ossuary)
  9 hobgoblin zombies (Ossuary)
  11 kobolds
  8 kobold zombies (Ossuary)
  10 orc zombies (Ossuary)
  6 rats
  A rat zombie (Ossuary)
286 creatures vanquished.

Vanquished Creatures (others)
  2 plants (D:8)
2 creatures vanquished.

Grand Total: 288 creatures vanquished

Notes
Turn   | Place    | Note
-------+----------+-------------------------------------------
     0 | D:1      | oldmanjim the Troll Monk began the quest for the Orb.
     0 | D:1      | Reached XP level 1. HP: 22/22 MP: 0/0
   177 | D:1      | Found a faded altar of an unknown god.
   180 | D:1      | Became a worshipper of Warmaster Okawaru
   180 | D:1      | Reached * piety under Okawaru
   180 | D:1      | Reached ** piety under Okawaru
   263 | D:1      | Reached *** piety under Okawaru
   264 | D:1      | Reached XP level 2. HP: 28/29 MP: 1/1
   322 | D:1      | Reached XP level 3. HP: 37/37 MP: 2/2
   711 | D:1      | Found a stormy altar of Qazlal.
  1160 | D:2      | Reached skill level 4 in Unarmed Combat
  1274 | D:2      | Noticed Terence
  1286 | D:2      | Killed Terence
  1287 | D:2      | Reached XP level 4. HP: 15/45 MP: 0/3
  2200 | D:3      | Noticed a phantom
  2263 | D:3      | Reached XP level 5. HP: 54/54 MP: 4/4
  2483 | D:3      | Killed a phantom
  2484 | D:3      | Reached skill level 1 in Throwing
  2484 | D:3      | Reached skill level 1 in Invocations
  2785 | D:3      | Reached skill level 5 in Unarmed Combat
  2796 | D:3      | Reached XP level 6. HP: 54/62 MP: 5/5
  3331 | D:4      | Reached **** piety under Okawaru
  3332 | D:4      | Reached XP level 7. HP: 50/70 MP: 8/8
  3841 | D:5      | Entered Level 5 of the Dungeon
  3982 | D:5      | Noticed Duvessa
  3983 | D:5      | Noticed Dowan
  4112 | D:5      | Killed Duvessa
  4113 | D:5      | Reached skill level 5 in Invocations
  4142 | D:5      | Identified the ring "Ruustox" {Wiz rF+ rN+ Int+3}
  4200 | D:5      | Found a sand-covered staircase.
  4206 | Ossuary  | Entered an ossuary
  4386 | Ossuary  | Reached XP level 8. HP: 77/78 MP: 10/10
  4391 | Ossuary  | Reached skill level 6 in Unarmed Combat
  4407 | Ossuary  | Reached ***** piety under Okawaru
  4428 | Ossuary  | Reached skill level 7 in Unarmed Combat
  4564 | Ossuary  | Identified a scroll of acquirement
  4564 | Ossuary  | Acquired a +1 hat of see invisible
  4605 | D:5      | Found a glowing silver altar of Zin.
  4606 | D:5      | Found a snail-covered altar of Cheibriados.
  4610 | D:5      | Found a shadowy altar of Dithmenos.
  4743 | D:5      | Found an iron altar of Okawaru.
  4743 | D:5      | Found a basalt altar of Yredelemnul.
  4887 | D:5      | Killed Dowan
  5324 | D:6      | Reached skill level 5 in Dodging
  5402 | D:6      | Reached skill level 1 in Evocations
  5403 | D:6      | Found a staircase to the Ecumenical Temple.
  5570 | D:6      | Found a runed translucent door.
  5570 | D:6      | Found a shimmering altar of Xom.
  5570 | D:6      | Noticed spiderkeys's ghost (novice DsAK)
  5570 | D:6      | Noticed a +0 rapier of chaos
  5732 | D:6      | Reached XP level 9. HP: 78/82 MP: 11/11
  5958 | D:6      | Received a gift from Okawaru
  6013 | D:6      | Identified the +6 quarterstaff "Hydra's Demise" {vorpal,
                  | rC+ Dex+2}
  6158 | D:7      | Reached skill level 8 in Unarmed Combat
  6255 | D:7      | Noticed Pikel
  6273 | D:6      | Killed Pikel
  6355 | D:6      | Reached skill level 9 in Unarmed Combat
  6418 | D:7      | Reached skill level 1 in Shields
  6464 | D:7      | Noticed Prince Ribbit
  6468 | D:7      | Killed Prince Ribbit
  6491 | D:7      | Noticed Joseph
  6505 | D:7      | Killed Joseph
  7076 | D:7      | Upgraded the game from 0.27-a0-1060-gcb85b5eba1 to
                  | 0.27-a0-1065-ge809cff456
  7201 | D:8      | Paralysed by a hornet for 3 turns
  7207 | D:8      | Reached XP level 10. HP: 34/92 MP: 12/12
  7399 | D:8      | Reached skill level 10 in Unarmed Combat
  7723 | D:8      | Found a runed translucent gate.
  7724 | D:8      | Found a runed translucent gate.
  7822 | D:8      | Reached skill level 5 in Shields
  7829 | D:8      | Found a radiant altar of Vehumet.
  7941 | D:8      | Found a runed translucent gate.
  7943 | D:8      | Noticed a nine-headed hydra
  7943 | D:8      | Noticed scottley's ghost (novice HuBe)
  8027 | D:8      | Received a gift from Okawaru
  8751 | D:9      | Found a glowing golden altar of the Shining One.
  8751 | D:9      | Found a stormy altar of Qazlal.
  8938 | D:9      | Reached ****** piety under Okawaru
  9227 | D:9      | Received a gift from Okawaru
  9321 | D:9      | Reached XP level 11. HP: 89/98 MP: 13/13
  9709 | D:10     | Entered Level 10 of the Dungeon
 10009 | D:10     | Noticed a two-headed ogre
 10020 | D:10     | Killed a two-headed ogre
 10020 | D:10     | Identified the +2 robe "Aroeph" {rF++ Str+2 Dex-4 Slay+2}
                  | (Okawaru gifted it to you on level 10 of the Dungeon)
 10020 | D:10     | Received a gift from Okawaru
 10138 | D:10     | Found a sparkling altar of Nemelex Xobeh.
 10374 | D:11     | Noticed Snorg
 10394 | D:11     | Mangled by Snorg

Illustrated notes

Levels and vault maps discovered:
D:1:      psy_arrival_radial01, layout_loops_ring, serial_rivers,
          chequers_serial_rivers_large_a, chequers_serial_rivers_room_a,
          chequers_serial_rivers_small_b, chequers_serial_rivers_small_b,
          chequers_serial_rivers_micro_a, chequers_serial_rivers_micro_a,
          ebering_ecumenical_altar_petrified, kennysheep_flooded_box,
          serial_bayou_ford_a, minmay_worlds_worst_comb
D:2:      layout_loops_corners, minmay_crystal_water, uniq_terence
D:3:      cheibrodos_helix_gallery, layout_basic, kennysheep_generic_room_11
D:4:      minmay_general_purpose_star, layout_basic
D:5:      layout_loops_ring, minitemple, gammafunk_temple_overflow_pools,
          enter_ossuary_2, uniq_duvessa
D:6:      layout_basic, minmay_temple_entry_tees, ebering_ghost_xom,
          grunt_ministairs_12, minmay_microvault
D:7:      layout_basic, nrook_loot_triangle, minivault_24, uniq_joseph,
          uniq_prince_ribbit1, uniq_pikel
D:8:      layout_loops_corners, fiery_altar_vehumet, special_room
          [special_room_orc], gammafunk_ghost_hydra_chop, minmay_checkerbox
D:9:      layout_long_grid, chequers_temple_overflow_statue_of_worship
D:10:     layout_long_grid, lemuel_coloured_pillars_altar
D:11:     layout_irregular_city, lair_entry_dummy,
          kennysheep_orc_monster_closet_entryway, ebering_ghost_funeral_grove,
          enter_bailey_3, serial_shops, nicolae_shop_behind_doors,
          minmay_misc_feat_doors, uniq_snorg

Skill      XL: |  1  2  3  4  5  6  7  8  9 10 |
---------------+-------------------------------+-----
Fighting       | 3 4 |  4.3
Unarmed Combat | 4 5 7 9 10 | 10.0
Throwing       | 1 2 3 |  3.0
Invocations    | 1 2 5 |  5.0
Dodging        | 5 |  5.0
Evocations     | 1 3 |  3.0
Shields        | 3 8 |  8.8
Stealth        | |  1.0

Action                   |  1- 3 |  4- 6 |  7- 9 | 10-12 || total
-------------------------+-------+-------+-------+-------++-------
Melee: Unarmed           |   105 |    98 |   395 |   248 ||   846
       Punch             |       |     3 |    20 |    11 ||    34
Throw: Dart              |       |    75 |    58 |    68 ||   201
       Large rock        |       |       |     4 |    14 ||    18
       Javelin           |       |       |       |     9 ||     9
Invok: Heroism           |     2 |       |     1 |     5 ||     8
Evoke: Wand              |       |       |     1 |     5 ||     6
  Use: Scroll            |       |       |     9 |     4 ||    13
 Stab: Sleeping          |     4 |     1 |     2 |       ||     7
Armor: Robe              |    32 |    23 |   127 |    57 ||   239
Dodge: Dodged            |    48 |    31 |   230 |   135 ||   444
Block: Kite shield       |       |       |       |    25 ||    25

Table legend: (Time is in decaauts)
 A = Elapsed time spent in this place.
 B = Non-inter-level travel time spent in this place.
 C = Inter-level travel time spent in this place.
 D = Time resting spent in this place.
 E = Time spent auto-exploring this place.
 F = Levels seen in this place.
 G = Mean time per level.
                   A        B        C        D        E       F      G
               +--------+--------+--------+--------+--------+-----+--------+
         Total |  10302 |   9952 |    350 |    194 |   7366 |  12 |  858.5 |
       Dungeon |   9934 |   9584 |    350 |    194 |   7254 |  11 |  903.1 |
       Ossuary |    367 |    367 |      0 |      0 |    112 |   1 |  367.0 |
               +--------+--------+--------+--------+--------+-----+--------+

Top non-repeatable levels by time:
     D:8: 1450 daAuts
     D:9: 1136 daAuts
     D:1: 1076 daAuts
     D:4: 1008 daAuts
     D:3: 943 daAuts
     D:5: 933 daAuts
     D:6: 924 daAuts
     D:2: 898 daAuts
     D:7: 886 daAuts
    D:10: 658 daAuts
 Ossuary: 367 daAuts
    D:11: 18 daAuts
